[Event "10th Sharjah Cup Women 2020"]
[Site "Sharjah"]
[Date "2020.01.06"]
[Round "3.15"]
[White "Boshra, Alshaeby"]
[Black "Jalaluldeen, Kareen Kamal J."]
[Result "1-0"]
[ECO "C00"]
[WhiteElo "1979"]
[BlackElo "1784"]
[Annotator "NA"]
[PlyCount "87"]
[EventDate "2020.01.04"]
[EventType "swiss"]
[EventCountry "UAE"]
[SourceTitle "playchess.com"]
[Source "ChessBase"]
[SourceQuality "1"]
[TimeControl "5400+30"]

1. e4 e6 2. d3 d5 3. Nd2 c5 4. Ngf3 Nc6 5. g3 g6 6. Bg2 Bg7 7. O-O Nge7 8. Re1 O-O 9. c3 b5 (9... a5 $11) 10. e5 Qc7 {[%emt 0:03:45] A08: King's Indian Attack} (10... b4 11. Nb3 c4 12. dxc4 dxc4 13. Nbd4 Rb8 14. Bg5 Qc7 15. Nxc6 Nxc6 16. Bf6 bxc3 17. bxc3 Bb7 18. Ng5 {½-½ (32) Aronian,L (2797)-Nakamura,H (2767) Saint Louis 2014}) 11. Qe2 a5 12. Nf1 Ba6 13. Bf4 b4 14. c4 Rad8 $146 ({Predecessor:} 14... dxc4 15. dxc4 Rfd8 16. N1d2 Nf5 17. Rac1 Bb7 {½-½ (61) Beshukov,S (2500)-Nizhegorodova,M (2085) Berlin 1995}) 15. h4 dxc4 16. dxc4 Nf5 17. N1d2 Ncd4 18. Nxd4 Nxd4 19. Qe4 Rd7 20. Rac1 Bb7 21. Qxb7 Qxb7 22. Bxb7 Rxb7 23. Kg2 a4 24. Ne4 Rc7 25. Rcd1 Rd8 $16 26. h5 h6 27. g4 g5 28. Bg3 Bf8 29. f4 Be7 30. Rd2 Kg7 31. Red1 Rcc8 32. fxg5 hxg5 33. Bf2 Nc6 34. Rxd8 Rxd8 35. Rxd8 Bxd8 36. Bxc5 Nxe5 37. Bd4 f6 38. Nxg5 fxg5 39. Bxe5+ Kf7 40. b3 axb3 41. axb3 Be7 42. Kf3 Bc5 43. Ke4 Be7 44. Bd4 1-0

[Event "10th Sharjah Cup Women 2020"]
[Site "Sharjah"]
[Date "2020.01.06"]
[Round "3.16"]
[White "Kyrkjebo, Hanna B."]
[Black "Khalil, Reem"]
[Result "1-0"]
[ECO "C41"]
[WhiteElo "1963"]
[BlackElo "1295"]
[Annotator "NA"]
[PlyCount "68"]
[EventDate "2020.01.04"]
[EventType "swiss"]
[EventCountry "UAE"]
[SourceTitle "playchess.com"]
[Source "ChessBase"]
[SourceQuality "1"]
[TimeControl "5400+30"]

1. e4 d6 2. d4 Nf6 3. Nc3 e5 4. Nf3 Nbd7 5. Bc4 Be7 6. O-O O-O 7. Re1 c6 8. a4 a5 9. h3 h6 10. Bb3 Nh7 11. Be3 Ng5 12. Qe2 Nxf3+ 13. Qxf3 ({Of course not} 13. gxf3 exd4 14. Bxd4 Bf6 $15) 13... Bg5 14. Rad1 Qe7 15. Qg3 Bh4 16. Qh2 exd4 17. Rxd4 Ne5 18. Red1 $16 Kh8 19. Rxd6 f5 20. f4 Nd7 21. g3 Rf6 22. Rxf6 Bxf6 23. e5 Nxe5 24. fxe5 Bxe5 25. Qf2 Be6 26. Bxe6 Qxe6 27. Bf4 Bf6 28. Qe3 Qc4 29. Qd3 Qc5+ 30. Qe3 Qf8 31. Bd6 Qf7 32. Re1 Rd8 33. Bc5 Qc7 34. Bb6 Bd4 1-0

[Event "10th Sharjah Cup Women 2020"]
[Site "Sharjah"]
[Date "2020.01.06"]
[Round "3.17"]
[White "Al Ghafri, Alanoud"]
[Black "Shanya Mishra"]
[Result "0-1"]
[ECO "D80"]
[WhiteElo "1257"]
[BlackElo "1907"]
[Annotator "NA"]
[PlyCount "26"]
[EventDate "2020.01.04"]
[EventType "swiss"]
[EventCountry "UAE"]
[SourceTitle "playchess.com"]
[Source "ChessBase"]
[SourceQuality "1"]
[TimeControl "5400+30"]

1. d4 Nf6 2. c4 g6 3. Nc3 d5 4. Bg5 Ne4 5. Nxe4 dxe4 6. e3 c5 7. d5 Bg7 8. Rb1 Qa5+ 9. b4 $2 (9. Qd2 Qxa2 10. Rc1) 9... Bc3+ 10. Qd2 Bxd2+ 11. Kxd2 Qxa2+ 12. Kc1 Qxf2 13. Nh3 Bxh3 $19 0-1

[Event "10th Sharjah Cup Women 2020"]
[Site "Sharjah"]
[Date "2020.01.06"]
[Round "3.18"]
[White "Kyrkjebo, Marte B."]
[Black "Kaushika Sridharan"]
[Result "1-0"]
[ECO "B12"]
[WhiteElo "1880"]
[BlackElo "1205"]
[Annotator "NA"]
[PlyCount "71"]
[EventDate "2020.01.04"]
[EventType "swiss"]
[EventCountry "UAE"]
[SourceTitle "playchess.com"]
[Source "ChessBase"]
[SourceQuality "1"]
[TimeControl "5400+30"]

1. e4 c6 2. d4 d5 3. e5 Bf5 4. Nf3 e6 5. Be2 Ne7 6. O-O c5 7. Be3 {[%emt 0:07:55] B12: Caro-Kann: Advance Variation} (7. c4 Nbc6 8. dxc5 dxc4 9. Bxc4 Ng6 10. Be3 Be7 11. Nc3 O-O 12. Be2 Qb8 13. Nd2 Rd8 14. f4 Nb4 15. Rc1 b6 {1-0 (42) Harikrishna,P (2729)-Mamedyarov,S (2817) Kolkata 2018}) 7... c4 8. b3 b5 $146 ({Predecessor:} 8... Qc7 9. Na3 Qa5 10. Nb1 c3 11. Qe1 Nec6 12. Nxc3 Bb4 13. Bd2 Bg4 14. Nb5 Bxd2 {1-0 (41) Villegas,F (2231)-Carcamo,M (2052) Buenos Aires 2019}) 9. a4 Qa5 $2 (9... cxb3 $16 10. cxb3 (10. Bxb5+ Nbc6 $16) 10... b4) 10. Bd2 Qa6 (10... b4 $142) 11. Na3 bxa4 12. bxc4 Qc8 13. Nb5 Ng6 14. Ba5 Na6 15. c5 Be7 16. Nd6+ Bxd6 17. Bb5+ Kf8 18. exd6 Nb8 19. Rxa4 Nc6 20. Bc7 $18 Nb8 21. Qa1 a6 22. Bxb8 Rxb8 23. Bxa6 Qd7 24. Bd3 Bxd3 25. cxd3 Nf4 26. Ra7 Qd8 27. Qa3 h5 28. c6 Rc8 29. d7+ Kg8 30. dxc8=Q Qxc8 31. Ra8 Qxa8 32. Qxa8+ Kh7 33. Ng5+ Kg6 34. Qxh8 Kxg5 35. Qxg7+ Kh4 36. Qg3# 1-0

[Event "10th Sharjah Cup Women 2020"]
[Site "Sharjah"]
[Date "2020.01.06"]
[Round "3.19"]
[White "Aisha Mohamed Al Muaini"]
[Black "Al Maamari, Wafia Darwish"]
[Result "0-1"]
[ECO "B30"]
[WhiteElo "1195"]
[BlackElo "1866"]
[Annotator "NA RC"]
[PlyCount "92"]
[EventDate "2020.01.04"]
[EventType "swiss"]
[EventCountry "UAE"]
[SourceTitle "playchess.com"]
[Source "ChessBase"]
[SourceQuality "1"]
[TimeControl "5400+30"]

1. e4 c5 2. Nf3 Nc6 3. d3 g6 4. g3 Bg7 5. Bg2 e5 6. c3 d6 7. Nbd2 Nge7 8. O-O O-O 9. a4 h6 10. h3 {[%emt 0:00:20] A04: Unusual lines after 1 Nf3 and King's Indian Attack} (10. Nh4 f5 11. exf5 gxf5 12. Qh5 Be6 13. Ng6 Nxg6 14. Qxg6 Qd7 15. Qh5 d5 16. Nf3 Bf7 17. Qh3 e4 18. dxe4 dxe4 {0-1 (52) Starosek,K (2488)-Timofeev,A (2575) chessassistantclub.com INT 2004}) 10... Be6 11. Kh2 d5 $146 ({Predecessor:} 11... f5 12. exf5 gxf5 13. Ne1 f4 14. g4 Ng6 15. Be4 Nh8 16. c4 {0-1 (32) Mandic,V (2121)-Katanic Vujic,P (2314) Belgrade 2011}) 12. Qe2 f5 13. Ne1 Qc7 14. f4 fxe4 15. fxe5 Bxe5 16. dxe4 Bxg3+ 17. Kh1 Rxf1+ $2 (17... Qd6 $19 18. b3 Be5 19. Rxf8+ Rxf8) 18. Nxf1 Bxe1 19. Qxe1 g5 20. exd5 (20. h4 $1 $15) 20... Bxd5 21. Bxd5+ Nxd5 22. Qe6+ Qf7 23. Qxf7+ Kxf7 24. Bd2 Re8 25. Re1 Ne5 26. Kg2 c4 27. Ne3 {[%emt 0:00:41] [#]} Nf4+ $1 28. Kg3 Rd8 29. Nf1 Ned3 30. Re4 $19 Nh5+ 31. Kh2 Nxb2 32. Bc1 Nf6 33. Re2 Nxa4 34. Rd2 Rxd2+ 35. Bxd2 Ne4 36. Be1 Naxc3 37. Bxc3 Nxc3 38. Nd2 b5 39. Kg2 Ke6 40. Kf3 a5 41. Ke3 Nd5+ 42. Kd4 c3 43. Nb3 c2 44. Nxa5 c1=Q 45. Nc6 Qc3+ 46. Ke4 Qe3# 0-1

[Event "10th Sharjah Cup Women 2020"]
[Site "Sharjah"]
[Date "2020.01.06"]
[Round "3.20"]
[White "Greibrokk, Ingrid"]
[Black "Tower, Nora"]
[Result "1-0"]
[ECO "B06"]
[WhiteElo "1855"]
[BlackElo "1203"]
[Annotator "NA"]
[PlyCount "65"]
[EventDate "2020.01.04"]
[EventType "swiss"]
[EventCountry "UAE"]
[SourceTitle "playchess.com"]
[Source "ChessBase"]
[SourceQuality "1"]
[TimeControl "5400+30"]

1. e4 g6 2. d4 Bg7 3. g3 d6 4. Bg2 Nf6 5. Ne2 O-O 6. O-O Nbd7 7. f4 {[%emt 0:14:02] B06: Modern Defence} (7. h3 e5 8. Nbc3 c6 9. a4 b6 10. Be3 Bb7 11. g4 a6 12. Ng3 b5 13. g5 Ne8 14. d5 cxd5 15. Nxd5 Nc7 16. axb5 axb5 17. Rxa8 Bxa8 18. Qe2 Nxd5 19. exd5 Qb8 {1-0 (43) Grischuk,A (2761)-Caruana,F (2770) Moscow 2012}) 7... e5 8. c3 Re8 9. Qc2 b6 $146 ({Predecessor:} 9... Qe7 10. Nd2 b6 11. fxe5 dxe5 12. Nb3 a5 {0-1 (39) Genba,V (2430)-Balashov,Y (2505) Kstovo 1994}) 10. fxe5 dxe5 11. d5 Bb7 12. c4 Rc8 13. Nbc3 c6 14. b4 cxd5 15. cxd5 a6 16. h3 Qe7 17. Qb3 b5 18. Be3 Rc4 19. a3 Rec8 20. Rac1 Qd6 $11 21. Kh2 R8c7 22. Rb1 Kh8 23. Rfd1 Ng8 24. a4 bxa4 25. Nxa4 Ne7 26. Nc5 Nxc5 27. bxc5 R4xc5 28. Bxc5 Qxc5 29. d6 Rd7 30. dxe7 Rxe7 31. Rd8+ Re8 32. Rxe8+ Bf8 33. Qxf7 1-0

[Event "10th Sharjah Cup Women 2020"]
[Site "Sharjah"]
[Date "2020.01.06"]
[Round "3.21"]
[White "Nour Saleh Jasim"]
[Black "Razan, Alshaeby"]
[Result "0-1"]
[ECO "B01"]
[WhiteElo "1182"]
[BlackElo "1735"]
[Annotator "NA"]
[PlyCount "100"]
[EventDate "2020.01.04"]
[EventType "swiss"]
[EventCountry "UAE"]
[SourceTitle "playchess.com"]
[Source "ChessBase"]
[SourceQuality "1"]
[TimeControl "5400+30"]

1. e4 d5 2. exd5 Nf6 3. Nc3 Nxd5 4. g3 e5 5. Bg2 c6 6. Nge2 Be7 7. O-O O-O 8. d3 Be6 9. f4 Qb6+ 10. Kh1 Ne3 11. Bxe3 Qxe3 12. Qc1 exf4 13. Nxf4 Qxc1 14. Raxc1 Bc8 15. a3 Nd7 16. b4 a5 17. Nb1 axb4 18. axb4 Bxb4 19. c3 Ba5 20. Na3 Nc5 21. Nc4 Bc7 22. d4 Ne6 23. Nd3 f6 24. Rfe1 Bd7 25. d5 Ng5 26. Nc5 Bh3 27. Bxh3 Nxh3 28. dxc6 bxc6 29. Re6 Ra2 30. Rxc6 Ng5 31. Nd3 Nf3 32. Ndb2 Bb8 33. Kg2 Ne5 34. Rc5 Nxc4 35. Rxc4 Rxb2+ 36. Kg1 Ba7+ 37. Kh1 Rd8 38. Re1 Be3 39. Re4 Bd2 40. R1e2 Bxc3 41. Kg2 Rxe2+ 42. Rxe2 Rd2 43. Rxd2 Bxd2 44. Kf3 Kf7 45. Ke4 Ke6 46. g4 f5+ 47. gxf5+ Kf6 48. h3 h5 49. h4 Be1 50. Kf4 Bxh4 0-1

[Event "10th Sharjah Cup Women 2020"]
[Site "Sharjah"]
[Date "2020.01.06"]
[Round "3.22"]
[White "Mariam Mohammed, Almaeeni"]
[Black "Al Kalbani, Wadima"]
[Result "1/2-1/2"]
[ECO "A03"]
[WhiteElo "1136"]
[BlackElo "1667"]
[Annotator "NA RC"]
[PlyCount "61"]
[EventDate "2020.01.04"]
[EventType "swiss"]
[EventCountry "UAE"]
[SourceTitle "playchess.com"]
[Source "ChessBase"]
[SourceQuality "1"]
[TimeControl "5400+30"]

1. f4 d5 2. Nf3 Nf6 3. e3 e6 4. d4 c5 5. c3 a6 6. Bd3 Nc6 7. Nbd2 Bd7 8. O-O Bd6 9. Ne5 h5 10. Qf3 Qe7 11. a3 a5 12. Rb1 a4 13. b4 c4 14. Bc2 b5 15. e4 O-O-O 16. Nxc6 Bxc6 17. e5 Ng4 18. exd6 Qxd6 19. h3 Nf6 20. Qe3 g6 21. Qe5 Qe7 22. Nf3 h4 23. Ng5 Nh5 24. Nf3 Rdg8 25. Qg5 f6 26. Qxh4 Ng7 27. Qg4 Nf5 28. Re1 Qf7 29. Bd2 Bd7 30. Nh2 e5 31. fxe5 1/2-1/2

[Event "10th Sharjah Cup Women 2020"]
[Site "Sharjah"]
[Date "2020.01.06"]
[Round "3.23"]
[White "Al-Fayyadh, Zainab Asif Abdulah"]
[Black "Mission, Cheryll Rosales"]
[Result "1/2-1/2"]
[ECO "C02"]
[WhiteElo "1646"]
[BlackElo "1135"]
[Annotator "NA"]
[PlyCount "118"]
[EventDate "2020.01.04"]
[EventType "swiss"]
[EventCountry "UAE"]
[SourceTitle "playchess.com"]
[Source "ChessBase"]
[SourceQuality "1"]
[TimeControl "5400+30"]

1. e4 e6 2. d4 d5 3. e5 c5 4. c3 c4 5. Nf3 a6 6. Be2 b5 7. O-O h6 8. b3 Ne7 9. a4 Bb7 10. Na3 Nf5 11. axb5 axb5 12. Bb2 Bc6 13. h3 Be7 14. Nh2 O-O 15. Bg4 Nh4 16. b4 Nd7 17. f4 Nb6 18. Nf3 Na4 19. Qc2 Nf5 20. Bc1 Ng3 21. Re1 Ne4 22. Bb2 Bh4 23. Rf1 Bg3 24. Nd2 f5 25. exf6 Rxf6 26. Nxe4 dxe4 27. Bc1 Qb6 28. Be3 Raf8 29. Qd2 Bd5 30. Bd1 Ra8 31. Bc2 Qc6 32. Ra2 Nb6 33. Qe2 Rg6 34. Qh5 Qe8 35. Kh1 Na4 36. Nxb5 Qxb5 37. Qxg6 Nxc3 38. Rxa8+ Bxa8 39. Qxg3 Ne2 40. Qg4 c3 41. Qxe6+ Kh8 42. Qc8+ Kh7 43. Qxa8 Ng3+ 44. Kg1 Qxf1+ 45. Kh2 Qe1 46. Bxe4+ Nxe4 47. Qxe4+ Kg8 48. d5 c2 49. Qe6+ Kh7 50. Qf5+ Kg8 51. Qc8+ Kh7 52. Qxc2+ Kg8 53. Bc5 Qf1 54. Qf5 Qc1 55. d6 Qd2 56. d7 Kh8 57. Be7 g6 58. Qf8+ Kh7 59. Qf7+ Kh8 1/2-1/2

[Event "10th Sharjah Cup Women 2020"]
[Site "Sharjah"]
[Date "2020.01.07"]
[Round "4.1"]
[White "Bulmaga, Irina"]
[Black "Zimina, Olga"]
[Result "1-0"]
[ECO "B40"]
[WhiteElo "2446"]
[BlackElo "2367"]
[Annotator "RC"]
[PlyCount "71"]
[EventDate "2020.01.04"]
[EventType "swiss"]
[EventCountry "UAE"]
[SourceTitle "playchess.com"]
[Source "ChessBase"]
[SourceQuality "1"]
[TimeControl "5400+30"]

1. e4 c5 2. Nf3 e6 3. d4 cxd4 4. Nxd4 Nf6 5. Nc3 Nc6 6. Ndb5 Bb4 7. a3 Bxc3+ 8. Nxc3 d5 9. Bd3 dxe4 10. Nxe4 Nxe4 11. Bxe4 Qxd1+ 12. Kxd1 Bd7 13. Be3 f5 14. Bd3 e5 15. f3 Kf7 16. b3 h5 17. Kc1 f4 18. Bf2 Kf6 19. Rd1 Rhd8 20. Kb2 Bf5 21. Bxf5 Kxf5 22. c4 g5 23. Kc3 g4 24. b4 b6 25. a4 g3 26. hxg3 fxg3 27. Bxg3 Rg8 28. Bh4 a5 29. Rd6 axb4+ 30. Kd3 e4+ 31. Ke3 exf3 32. Rf6+ Ke5 33. gxf3 Rg3 34. Rxc6 Rh3 35. Rd1 Ra5 36. Rg1 {[%emt 0:00:06] Kd5 Ke4+} 1-0

[Event "10th Sharjah Cup Women 2020"]
[Site "Sharjah"]
[Date "2020.01.07"]
[Round "4.2"]
[White "Dordzhieva, Dinara"]
[Black "Assaubayeva, Bibisara"]
[Result "1-0"]
[ECO "D11"]
[WhiteElo "2326"]
[BlackElo "2375"]
[Annotator "RC"]
[PlyCount "125"]
[EventDate "2020.01.04"]
[EventType "swiss"]
[EventCountry "UAE"]
[SourceTitle "playchess.com"]
[Source "ChessBase"]
[SourceQuality "1"]
[TimeControl "5400+30"]

1. d4 d5 2. c4 c6 3. Nf3 Nf6 4. g3 Bf5 5. Nc3 dxc4 6. Ne5 Be6 7. e4 g6 8. a4 Bg7 9. Nxc4 O-O 10. Ne3 Qd7 11. e5 Nd5 12. Bg2 Nxe3 13. Bxe3 a5 14. h4 h5 15. f4 Na6 16. d5 cxd5 17. Nxd5 Rad8 18. Nb6 Qc7 19. Qc1 Qb8 20. O-O Nb4 21. Qc5 Bf5 22. Rad1 f6 23. exf6 Bxf6 24. Qxa5 Nc6 25. Qb5 Kh7 26. Nd5 Bg7 27. Bb6 Rd7 28. Ne3 Rxd1 29. Rxd1 e5 30. Nxf5 gxf5 31. Rd7 exf4 32. Qe2 Kg6 33. Bf3 fxg3 34. Bxh5+ Kh6 35. Bf7 Rxf7 36. Rxf7 Qe5 37. Qxe5 Nxe5 38. Rxf5 Nc4 39. a5 Bxb2 40. Kg2 Be5 41. Rf7 Bc3 42. Rf5 Be1 43. Rb5 Kg6 44. Rc5 Ne3+ 45. Kf3 Nf5 46. h5+ Kf6 47. Bd8+ Ke6 48. Rc1 Bf2 49. Rb1 Nd6 50. Bc7 Nf5 51. Bd8 Nd6 52. Bb6 Nc4 53. Rb5 Nxb6 54. axb6 Kf7 55. Rg5 Bxb6 56. h6 Bd4 57. h7 Ke6 58. Rg8 b5 59. Re8+ Kd7 60. h8=Q Bxh8 61. Rxh8 Kc6 62. Rh5 Kb6 63. Kxg3 1-0

[Event "10th Sharjah Cup Women 2020"]
[Site "Sharjah"]
[Date "2020.01.07"]
[Round "4.5"]
[White "Kubicka, Anna"]
[Black "Socko, Monika"]
[Result "0-1"]
[ECO "C96"]
[WhiteElo "2258"]
[BlackElo "2413"]
[Annotator "RC"]
[PlyCount "98"]
[EventDate "2020.01.04"]
[EventType "swiss"]
[EventCountry "UAE"]
[SourceTitle "playchess.com"]
[Source "ChessBase"]
[SourceQuality "1"]
[TimeControl "5400+30"]

1. e4 e5 2. Nf3 Nc6 3. Bb5 a6 4. Ba4 Nf6 5. O-O Be7 6. Re1 b5 7. Bb3 d6 8. c3 O-O 9. h3 Na5 10. Bc2 c5 11. d4 Nd7 12. Nbd2 exd4 13. cxd4 Nc6 14. a4 Bb7 15. d5 Nce5 16. Nxe5 Nxe5 17. f4 Nd7 18. Nf3 Re8 19. e5 dxe5 20. fxe5 c4 21. Bf4 g6 22. Kh2 Bf8 23. e6 fxe6 24. Ng5 Bxd5 25. axb5 Bd6 26. Bxd6 Qxg5 27. Be4 axb5 28. Rxa8 Rxa8 29. Bxd5 Qxd5 30. Qxd5 exd5 31. Re7 Ra7 32. Bc5 Rb7 33. Bd4 b4 34. Rg7+ Kf8 35. Rxh7 c3 36. bxc3 b3 37. c4 dxc4 38. h4 Ke8 39. Rh8+ Nf8 40. Bb2 Rb5 41. g4 Kf7 42. h5 gxh5 43. Rxh5 Rxh5+ 44. gxh5 Ne6 45. Kg3 Nc5 46. h6 Kg6 47. Kf3 Na4 48. Ba3 c3 49. Ke2 b2 0-1

[Event "10th Sharjah Cup Women 2020"]
[Site "Sharjah"]
[Date "2020.01.07"]
[Round "4.9"]
[White "Abdulla, Khayala"]
[Black "Pujari, Rucha"]
[Result "1-0"]
[ECO "C42"]
[WhiteElo "2275"]
[BlackElo "2187"]
[Annotator "ChessBase"]
[PlyCount "81"]
[EventDate "2020.01.04"]
[EventType "swiss"]
[EventCountry "UAE"]
[SourceTitle "playchess.com"]
[Source "ChessBase"]
[SourceQuality "1"]
[TimeControl "5400+30"]

1. e4 e5 2. Nf3 Nf6 3. Nxe5 d6 4. Nf3 Nxe4 5. d4 d5 6. Bd3 Bd6 7. O-O O-O 8. c4 c6 9. Nc3 Nxc3 10. bxc3 dxc4 11. Bxc4 h6 12. Re1 Nd7 13. Qd3 b5 14. Qg6 Qf6 15. Qxf6 Nxf6 16. Bd3 Be6 17. Ne5 Bd5 18. a4 Rfb8 19. axb5 cxb5 20. Ra6 Ne8 21. Nd7 Rb7 22. Nc5 Re7 23. Rxe7 Bxe7 24. Bf4 Bxc5 25. dxc5 Bb7 26. Ra1 a6 27. f3 Nf6 28. Bd6 Nd7 29. Re1 Bc6 30. Bf5 a5 31. c4 b4 32. Re7 a4 33. Bxd7 Bxd7 34. Rxd7 f6 35. c6 b3 36. Ba3 Kh7 37. c7 Rc8 38. Kf2 Kg6 39. Ke3 Kf5 40. g4+ Kg6 41. Kd4 1-0

[Event "10th Sharjah Cup Women 2020"]
[Site "Sharjah"]
[Date "2020.01.07"]
[Round "4.11"]
[White "Nguyen, Thi Mai Hung"]
[Black "Al-Fayyadh, Zainab Asif Abdulah"]
[Result "1-0"]
[ECO "E06"]
[WhiteElo "2254"]
[BlackElo "1646"]
[Annotator "ChessBase"]
[PlyCount "67"]
[EventDate "2020.01.04"]
[EventType "swiss"]
[EventCountry "UAE"]
[SourceTitle "playchess.com"]
[Source "ChessBase"]
[SourceQuality "1"]
[TimeControl "5400+30"]

1. d4 Nf6 2. c4 e6 3. g3 d5 4. Nf3 Be7 5. Bg2 O-O 6. O-O c6 7. b3 Nbd7 8. Bb2 Ne4 9. Qc2 f5 10. Ne1 Ndf6 11. Nd3 Bd6 12. Qc1 h6 13. f3 Ng5 14. Nc3 Qe8 15. Ba3 Nf7 16. e4 Bxa3 17. Qxa3 e5 18. exd5 exd4 19. Rfe1 Qd8 20. Ne2 cxd5 21. c5 Qc7 22. Nxd4 Nd8 23. Rad1 Nc6 24. Nb5 Qf7 25. Nf4 Kh7 26. Nd6 Qc7 27. Bh3 g5 28. Nxd5 Nxd5 29. Rxd5 g4 30. fxg4 fxg4 31. Bg2 Qg7 32. Qc1 Nd4 33. Rde5 Nc6 34. Bxc6 1-0

[Event "10th Sharjah Cup Women 2020"]
[Site "Sharjah"]
[Date "2020.01.07"]
[Round "4.14"]
[White "Al Ali, Aisha Saif"]
[Black "Suleimanova, Ava"]
[Result "0-1"]
[ECO "B32"]
[WhiteElo "1499"]
[BlackElo "2213"]
[Annotator "ChessBase"]
[PlyCount "140"]
[EventDate "2020.01.04"]
[EventType "swiss"]
[EventCountry "UAE"]
[SourceTitle "playchess.com"]
[Source "ChessBase"]
[SourceQuality "1"]
[TimeControl "5400+30"]

1. e4 c5 2. Nf3 Nc6 3. d4 cxd4 4. Nxd4 e5 5. Nb3 d6 6. Nc3 f5 7. Bc4 Nf6 8. Bg5 Be7 9. Bxf6 Bxf6 10. Qd5 Rf8 11. O-O-O Be7 12. exf5 Bxf5 13. a3 a6 14. Rhe1 Rc8 15. Bd3 g6 16. f3 Bd7 17. Ne4 Qc7 18. Kb1 Nd8 19. Qa5 Be6 20. Qxc7 Rxc7 21. Bf1 d5 22. Nf2 Bd6 23. Nd3 Nf7 24. Nf4 exf4 25. Rxe6+ Kd7 26. Re2 Ne5 27. Red2 Rf6 28. Rxd5 Ke7 29. Nd2 Re6 30. Ne4 Nf7 31. g3 Be5 32. gxf4 Bxf4 33. Bh3 Rb6 34. Rd7+ Rxd7 35. Rxd7+ Ke8 36. Nc3 Be5 37. Re7+ Kf8 38. Re6 Rxe6 39. Bxe6 Bxh2 40. Bc8 Nd6 41. Be6 Ke7 42. Bd5 b6 43. b4 h5 44. Ne2 g5 45. c4 h4 46. c5 bxc5 47. bxc5 Nb5 48. a4 Nc7 49. Be4 Kf6 50. Nc3 h3 51. Bb7 Bg1 52. Ne4+ Kg6 53. c6 h2 54. Ng3 Kf6 55. Kc2 Ke5 56. Kd3 Kf4 57. Nh1 Kxf3 58. Bc8 g4 59. Bf5 Bb6 60. Be4+ Kf4 61. Bg2 Ne6 62. Kc4 Ke5 63. Kb4 Kd6 64. a5 Bc5+ 65. Kc4 Ba7 66. Ng3 Ke5 67. Bh1 Bf2 68. Nh5 Be1 69. Ng7 Nxg7 70. c7 Ne8 0-1

[Event "10th Sharjah Cup Women 2020"]
[Site "Sharjah"]
[Date "2020.01.07"]
[Round "4.15"]
[White "Drljevic, Ljilja"]
[Black "Rayan, Mohammad Ali Hassan"]
[Result "1-0"]
[ECO "A00"]
[WhiteElo "2193"]
[BlackElo "1473"]
[Annotator "ChessBase"]
[PlyCount "59"]
[EventDate "2020.01.04"]
[EventType "swiss"]
[EventCountry "UAE"]
[SourceTitle "playchess.com"]
[Source "ChessBase"]
[SourceQuality "1"]
[TimeControl "5400+30"]

1. g3 d5 2. Bg2 e5 3. d3 Be6 4. Nd2 Nc6 5. Ngf3 f6 6. c3 Qd7 7. b4 Nge7 8. b5 Nd8 9. a4 c6 10. bxc6 Ndxc6 11. Nb3 Ng6 12. h4 h5 13. Be3 Qc8 14. a5 Bd6 15. Bc5 Bc7 16. Nfd2 Nxa5 17. Nxa5 b6 18. Nab3 bxc5 19. Nxc5 Bf7 20. Bh3 Qd8 21. Ra6 Bb6 22. Qa4+ Ke7 23. Nb7 Qc7 24. Qa3+ Ke8 25. Nd6+ Kd8 26. Nxf7+ Ke8 27. Nxh8 Nxh8 28. O-O Bc5 29. Qa4+ Ke7 30. Rc6 1-0

[Event "10th Sharjah Cup Women 2020"]
[Site "Sharjah"]
[Date "2020.01.07"]
[Round "4.16"]
[White "Babayan, Armine"]
[Black "Fatima, Al Wahabi"]
[Result "1-0"]
[ECO "C99"]
[WhiteElo "2186"]
[BlackElo "1386"]
[Annotator "ChessBase"]
[PlyCount "61"]
[EventDate "2020.01.04"]
[EventType "swiss"]
[EventCountry "UAE"]
[SourceTitle "playchess.com"]
[Source "ChessBase"]
[SourceQuality "1"]
[TimeControl "5400+30"]

1. e4 e5 2. Nf3 Nc6 3. Bb5 a6 4. Ba4 Nf6 5. O-O Be7 6. Re1 b5 7. Bb3 O-O 8. h3 d6 9. c3 Na5 10. Bc2 c5 11. d4 Qc7 12. Nbd2 cxd4 13. cxd4 Bd7 14. Nf1 Nc6 15. Ne3 Rac8 16. a3 Rfe8 17. Qd3 Bf8 18. Bd2 exd4 19. Nd5 Nxd5 20. exd5 g6 21. dxc6 Bf5 22. Qb3 Be6 23. Qb4 Qxc6 24. Nxd4 Qb7 25. Nxe6 fxe6 26. Bb3 d5 27. Qg4 Qf7 28. Re2 Bc5 29. Rae1 Rf8 30. Qg3 Rce8 31. Bh6 1-0

[Event "10th Sharjah Cup Women 2020"]
[Site "Sharjah"]
[Date "2020.01.07"]
[Round "4.17"]
[White "Samaganova, Alexandra"]
[Black "Al-Moaamari, Mozah"]
[Result "1-0"]
[ECO "A13"]
[WhiteElo "2008"]
[BlackElo "1395"]
[Annotator "NA"]
[PlyCount "90"]
[EventDate "2020.01.04"]
[EventType "swiss"]
[EventCountry "UAE"]
[SourceTitle "playchess.com"]
[Source "ChessBase"]
[SourceQuality "1"]
[TimeControl "5400+30"]

1. c4 e6 2. Nc3 d5 3. e3 Nf6 4. Nf3 b6 5. d4 Bb7 6. Bd3 dxc4 {E14: Queen's Indian: Classical Variation (4 e3)} (6... Bd6 7. O-O dxc4 8. Bxc4 O-O 9. Nb5 Be7 10. b3 Nbd7 11. Bb2 a6 12. Nc3 b5 13. Be2 c5 14. Rc1 Qb6 15. dxc5 Nxc5 {0-1 (35) Cori,J (2686)-Vidit,S (2703) Biel 2019}) 7. Bxc4 Nbd7 8. O-O Be7 9. Re1 Ne4 10. Nxe4 Bxe4 11. Bd2 O-O 12. Bc3 Nf6 $146 ({Predecessor:} 12... Bd6 13. Qe2 Qf6 14. Rad1 Qh6 15. h3 {½-½ (33) Louie,R (1677)-Flitney,A (1959) Queenstown 2012}) 13. Bd3 Bb7 14. Qe2 Nd5 15. Ba6 Bxa6 16. Qxa6 Qc8 17. Qe2 c5 18. Rac1 cxd4 19. Bxd4 Qb7 20. Ne5 Nf6 21. Nc6 Rac8 22. Qf3 Nd5 23. Nxe7+ Qxe7 24. a3 Qd7 25. Qg4 f6 26. e4 Ne7 $14 (26... h5 $11 27. Qf3 Nb4) 27. Bc3 Ng6 28. Rcd1 Qf7 29. Rd6 Rfe8 30. Red1 Qe7 $2 (30... Re7 $14) 31. Rd7 Qf8 32. Bb4 Ne7 33. Qxe6+ Qf7 34. Qg4 h6 35. Rxe7 Rxe7 36. Qxc8+ Re8 37. Qc6 Qg6 38. Qd5+ Kh8 39. f3 Rc8 40. Bc3 h5 41. Qf5 Qe8 42. Rd5 Rc7 43. Qxh5+ Qxh5 44. Rxh5+ Kg8 45. Rd5 Kf7 1-0